[Event "7th Cesme Open-C 2019"]
[Site "Cesme"]
[Date "2019.06.27"]
[Round "6"]
[White "Ceylan, Goktug"]
[Black "Onel, Nazire Yagmur"]
[Result "1-0"]
[ECO "E12"]
[WhiteElo "1283"]
[BlackElo "1232"]
[Annotator "NA RC"]
[PlyCount "137"]
[EventDate "2019.06.24"]
[EventType "swiss"]
[EventCountry "TUR"]
[SourceTitle "playchess.com"]
[Source "ChessBase"]
[SourceQuality "1"]
[TimeControl "5400+30"]

1. d4 Nf6 2. c4 e6 3. Nc3 b6 4. Nf3 Bb7 5. Bg5 Be7 6. e3 O-O 7. Bd3 d6 8. O-O c5 9. dxc5 dxc5 10. Qe2 Nh5 11. Bxe7 Qxe7 12. Nd2 Nf6 13. Nde4 Nbd7 14. Qf3 Kh8 15. Qg3 Nxe4 16. Bxe4 Nf6 17. Bxb7 Qxb7 18. Rfd1 Rfd8 19. f3 a6 20. e4 b5 21. cxb5 axb5 22. e5 Ne8 23. Ne4 Qb6 24. Qf2 Rxa2 25. Qxc5 Qxc5+ 26. Nxc5 Rxa1 27. Rxa1 Kg8 28. Ra5 Nc7 29. Ra7 Nd5 30. Rb7 b4 31. Na6 g6 32. Nxb4 Nxb4 33. Rxb4 Kf8 34. Kf2 Rd2+ 35. Kg3 Rd5 36. f4 h6 37. Rb8+ Ke7 38. Rh8 h5 39. Rb8 Rd7 40. Rb5 Rd4 41. Kf3 Rd3+ 42. Ke2 Rd4 43. g3 Rd7 44. b4 Kd8 45. Rc5 Rc7 46. Rxc7 Kxc7 47. Kd3 Kb6 48. Kc4 Kc6 49. b5+ Kb6 50. Kb4 Kb7 51. Kc5 Kc7 52. b6+ Kb7 53. Kd6 Kxb6 54. Ke7 Kc7 55. Kxf7 Kd7 56. Kxg6 Ke7 57. Kxh5 Kf7 58. g4 Kg7 59. Kg5 Kf7 60. Kh6 Kg8 61. Kg6 Kf8 62. f5 exf5 63. gxf5 Ke8 64. h4 Kf8 65. e6 Ke8 66. h5 Kf8 67. h6 Kg8 68. e7 Kh8 69. e8=Q# 1-0

[Event "7th Cesme Open-C 2019"]
[Site "Cesme"]
[Date "2019.06.27"]
[Round "6"]
[White "Cekicoglu, Baris"]
[Black "Basdar, Atakan"]
[Result "1-0"]
[ECO "B06"]
[WhiteElo "1237"]
[BlackElo "1242"]
[Annotator "NA RC"]
[PlyCount "109"]
[EventDate "2019.06.24"]
[EventType "swiss"]
[EventCountry "TUR"]
[SourceTitle "playchess.com"]
[Source "ChessBase"]
[SourceQuality "1"]
[TimeControl "5400+30"]

1. e4 g6 2. d4 Bg7 3. Nc3 d6 4. Be3 c6 5. Qd2 b5 6. O-O-O a5 7. h4 h5 8. Kb1 Bd7 9. Nh3 Nf6 10. f3 Qc7 11. Bf4 b4 12. Ne2 e5 13. dxe5 dxe5 14. Be3 c5 15. Qd6 Qxd6 16. Rxd6 c4 17. Ng3 Be6 18. Ng5 Bf8 19. Rd2 c3 20. bxc3 bxc3 21. Rd3 Bb4 22. Nxe6 fxe6 23. a3 Bxa3 24. Rxc3 Be7 25. Rc8+ Bd8 26. Bb5+ Kf7 27. Rd1 Be7 28. Rxh8 Bf8 29. Bg5 Nbd7 30. Bxd7 Rb8+ 31. Ka2 Rb7 32. Bxf6 a4 33. Bxe6+ Kxf6 34. Rxf8+ Kxe6 35. Rfd8 Rc7 36. R1d6+ Ke7 37. R6d7+ Rxd7 38. Rxd7+ Kxd7 39. Ka3 Kc6 40. Kxa4 Kc5 41. Kb3 Kd4 42. Nf5+ gxf5 43. exf5 Ke3 44. f6 Kf2 45. f7 Kxg2 46. f8=Q Kh3 47. Qf6 Kg3 48. c4 Kh3 49. c5 Kg3 50. c6 Kh3 51. c7 Kg3 52. c8=Q Kg2 53. Qc2+ Kf1 54. Qa6+ Kg1 55. Qa1# 1-0

[Event "7th Cesme Open-C 2019"]
[Site "Cesme"]
[Date "2019.06.28"]
[Round "7"]
[White "Kaya, Nehar Baris"]
[Black "Demirkaya, Ataberk"]
[Result "0-1"]
[ECO "A48"]
[WhiteElo "1409"]
[BlackElo "1346"]
[Annotator "NA"]
[PlyCount "58"]
[EventDate "2019.06.24"]
[EventType "swiss"]
[EventCountry "TUR"]
[SourceTitle "playchess.com"]
[Source "ChessBase"]
[SourceQuality "1"]
[TimeControl "5400+30"]

1. d4 Nf6 2. Bf4 g6 3. Nf3 Bg7 4. e3 O-O 5. Bd3 d6 6. Nbd2 Nbd7 7. h3 Re8 8. c3 e5 9. Bg5 h6 10. Bxf6 Nxf6 11. Qc2 Qe7 12. e4 exd4 13. cxd4 Nxe4 14. O-O Nxd2 15. Qxd2 Qf6 16. Rac1 c6 17. Qb4 Qf4 18. Qb3 d5 19. Rfe1 Bxh3 20. Qxb7 Bxg2 21. Rxe8+ Rxe8 22. Qxc6 Re6 23. Qc8+ Kh7 24. Kxg2 Qg4+ 25. Kh2 Qxf3 26. Qc2 Bxd4 27. Rf1 Be5+ 28. Kg1 Qg4+ 29. Kh1 Qh3+ 0-1

[Event "7th Cesme Open-C 2019"]
[Site "Cesme"]
[Date "2019.06.28"]
[Round "7"]
[White "Kose, Arat Uygar"]
[Black "Atasoy, Ata"]
[Result "0-1"]
[ECO "B22"]
[WhiteElo "1377"]
[BlackElo "1459"]
[Annotator "NA"]
[PlyCount "96"]
[EventDate "2019.06.24"]
[EventType "swiss"]
[EventCountry "TUR"]
[SourceTitle "playchess.com"]
[Source "ChessBase"]
[SourceQuality "1"]
[TimeControl "5400+30"]

1. e4 c5 2. Nf3 e6 3. c3 Nf6 4. e5 Nd5 5. d4 cxd4 6. Qxd4 Nc6 7. Qe4 d6 8. Nbd2 Nxe5 9. Nxe5 dxe5 10. Qxe5 Qf6 11. Qxf6 Nxf6 12. Bd3 Bd7 13. Ne4 Bc6 14. Nxf6+ gxf6 15. Rg1 Rd8 16. Ke2 Bc5 17. Be3 Bxe3 18. Kxe3 Ke7 19. Rad1 Rhg8 20. g3 f5 21. Be2 Rxd1 22. Rxd1 e5 23. Bf3 Bxf3 24. Kxf3 Ke6 25. h3 h5 26. h4 Rc8 27. Ke3 f6 28. Rd3 b5 29. Kd2 a5 30. Kc2 Rc5 31. Rd8 Kf7 32. Kb3 Rc4 33. Rd5 a4+ 34. Ka3 f4 35. b3 axb3 36. axb3 fxg3 37. fxg3 Rxc3 38. Rxb5 Rxg3 39. Rb7+ Kg6 40. Ka4 Rg4+ 41. b4 Rxh4 42. Ka5 Rh1 43. b5 h4 44. b6 h3 45. Ra7 h2 46. b7 Ra1+ 47. Kb6 Rb1+ 48. Kc7 Rxb7+ 0-1

[Event "7th Cesme Open-C 2019"]
[Site "Cesme"]
[Date "2019.06.28"]
[Round "7"]
[White "Yenen, Utku"]
[Black "Cekicoglu, Baris"]
[Result "1-0"]
[ECO "B01"]
[WhiteElo "1341"]
[BlackElo "1237"]
[Annotator "NA"]
[PlyCount "76"]
[EventDate "2019.06.24"]
[EventType "swiss"]
[EventCountry "TUR"]
[SourceTitle "playchess.com"]
[Source "ChessBase"]
[SourceQuality "1"]
[TimeControl "5400+30"]

1. e4 d5 2. exd5 Qxd5 3. Nc3 Qd6 4. d4 Nf6 5. Nf3 a6 6. Be2 e6 7. h3 Be7 8. O-O O-O 9. Be3 b5 10. Nd2 Bb7 11. Bf3 Nd5 12. Nxd5 Bxd5 13. Bxd5 Qxd5 14. Qf3 c6 15. b3 Nd7 16. c4 Qxf3 17. gxf3 e5 18. Rfd1 f5 19. f4 exf4 20. Bxf4 Bf6 21. Nf3 Rfe8 22. Re1 bxc4 23. bxc4 c5 24. Ne5 Bxe5 25. dxe5 g5 26. Rad1 Nb6 27. Bxg5 Nxc4 28. e6 Rab8 29. e7 Kf7 30. Rd8 Rg8 31. e8=Q+ Rxe8 32. Rexe8 Rb1+ 33. Kg2 Kg6 34. Rg8+ Kh5 35. Rd7 h6 36. Rh7 Rb6 37. Bf4 Nb2 38. Kg3 a5 1-0

[Event "7th Cesme Open-C 2019"]
[Site "Cesme"]
[Date "2019.06.28"]
[Round "7"]
[White "Tekin, Utku Berk"]
[Black "Ceylan, Goktug"]
[Result "0-1"]
[ECO "A45"]
[WhiteElo "1303"]
[BlackElo "1283"]
[Annotator "NA"]
[PlyCount "92"]
[EventDate "2019.06.24"]
[EventType "swiss"]
[EventCountry "TUR"]
[SourceTitle "playchess.com"]
[Source "ChessBase"]
[SourceQuality "1"]
[TimeControl "5400+30"]

1. d4 Nf6 2. Bg5 g6 3. Bxf6 exf6 4. c4 Bg7 5. Nc3 O-O 6. e3 d6 7. Bd3 f5 8. Nge2 c5 9. d5 Nd7 10. Qc2 Ne5 11. Rb1 b6 12. b4 Re8 13. bxc5 bxc5 14. O-O Ba6 15. Nb5 Bxb5 16. Rxb5 Qc7 17. Nc3 a6 18. Rb3 Qa5 19. Rfb1 Nxd3 20. Qxd3 Bxc3 21. Qxc3 Qxa2 22. R3b2 Qa4 23. Rb7 Red8 24. Qf6 Qe8 25. Re7 Qf8 26. Rbb7 Rab8 27. Rxf7 Rxb7 28. Rxf8+ Rxf8 29. Qe6+ Rff7 30. h4 Rbd7 31. h5 Kg7 32. hxg6 hxg6 33. Qe8 a5 34. Qb8 Kh7 35. Qb5 Ra7 36. Qa4 Rfb7 37. Kf1 Rb4 38. Qc6 a4 39. Qxd6 a3 40. Qxc5 Rbb7 41. Qd4 a2 42. Qh4+ Kg7 43. d6 a1=Q+ 44. Ke2 Ra2+ 45. Kf3 Qd1+ 46. Kf4 Qxd6+ 0-1

[Event "7th Cesme Open-C 2019"]
[Site "Cesme"]
[Date "2019.06.29"]
[Round "8"]
[White "Atasoy, Ata"]
[Black "Aysakar, Atakan"]
[Result "1-0"]
[ECO "C88"]
[WhiteElo "1459"]
[BlackElo "1212"]
[Annotator "NA"]
[PlyCount "75"]
[EventDate "2019.06.24"]
[EventType "swiss"]
[EventCountry "TUR"]
[SourceTitle "playchess.com"]
[Source "ChessBase"]
[SourceQuality "1"]
[TimeControl "5400+30"]

1. e4 e5 2. Nf3 Nc6 3. Bb5 a6 4. Ba4 Nf6 5. O-O Be7 6. d3 b5 7. Bb3 O-O 8. a4 b4 9. Re1 d6 10. c3 Bg4 11. h3 Bh5 12. Nbd2 a5 13. Qc2 Qd7 14. Nh2 h6 15. Ndf1 Rab8 16. Ng3 Bg6 17. Nf3 Rfe8 18. Bc4 Na7 19. Nh4 Kh7 20. Nxg6 fxg6 21. Be3 c6 22. d4 Bd8 23. Rad1 exd4 24. Bxd4 d5 25. Bd3 b3 26. Qb1 Re6 27. exd5 Rxe1+ 28. Rxe1 Nxd5 29. Bxg6+ Kg8 30. Re8+ Qxe8 31. Bxe8 Bf6 32. Bxf6 Nxf6 33. Bg6 c5 34. Qe1 Kh8 35. Qe7 Ra8 36. Nf5 Rg8 37. Qxa7 Nh7 38. Nxh6 1-0

[Event "7th Cesme Open-C 2019"]
[Site "Cesme"]
[Date "2019.06.29"]
[Round "8"]
[White "Demirkaya, Ataberk"]
[Black "Tas, Yasar Asil"]
[Result "0-1"]
[ECO "D43"]
[WhiteElo "1346"]
[BlackElo "1169"]
[Annotator "NA"]
[PlyCount "106"]
[EventDate "2019.06.24"]
[EventType "swiss"]
[EventCountry "TUR"]
[SourceTitle "playchess.com"]
[Source "ChessBase"]
[SourceQuality "1"]
[TimeControl "5400+30"]

1. d4 Nf6 2. c4 e6 3. Nf3 d5 4. Nc3 c6 5. Bf4 Bd6 6. Bg3 O-O 7. e3 Ne4 8. Nxe4 dxe4 9. Nd2 f5 10. c5 Bc7 11. Bxc7 Qxc7 12. Bc4 Na6 13. a3 Qe7 14. Bxa6 bxa6 15. Nc4 f4 16. Qd2 Qg5 17. O-O-O Qd5 18. Qc3 Rb8 19. Rd2 a5 20. Nxa5 Ba6 21. b4 Bd3 22. Qb3 Qd7 23. Re1 Kh8 24. Nc4 Qd5 25. Na5 Qd7 26. f3 Qc7 27. Qxe6 Qxa5 28. Rxd3 Rxb4 29. Qxe4 Rc4+ 30. Kd1 Rb8 31. Rd2 Qxa3 32. exf4 Rc1+ 33. Ke2 Rxe1+ 34. Kxe1 Qc1+ 35. Ke2 Qg1 36. Kd3 Qf1+ 37. Qe2 Qb1+ 38. Rc2 Qb3+ 39. Kd2 Qb4+ 40. Kd1 Qxd4+ 41. Qd2 Qg1+ 42. Ke2 Qxg2+ 43. Kd1 Qxf3+ 44. Qe2 Rd8+ 45. Rd2 Rxd2+ 46. Kxd2 Qxe2+ 47. Kxe2 Kg8 48. Kd3 Kf7 49. Ke4 Ke6 50. h4 g6 51. Kd4 Kf5 52. Kc4 Kxf4 53. Kb4 Ke5 0-1

[Event "7th Cesme Open-C 2019"]
[Site "Cesme"]
[Date "2019.06.29"]
[Round "8"]
[White "Ceylan, Goktug"]
[Black "Yenen, Utku"]
[Result "1/2-1/2"]
[ECO "D60"]
[WhiteElo "1283"]
[BlackElo "1341"]
[Annotator "NA"]
[PlyCount "120"]
[EventDate "2019.06.24"]
[EventType "swiss"]
[EventCountry "TUR"]
[SourceTitle "playchess.com"]
[Source "ChessBase"]
[SourceQuality "1"]
[TimeControl "5400+30"]

1. d4 e6 2. c4 d5 3. Nc3 Nf6 4. Bg5 Nbd7 5. e3 Be7 6. Nf3 O-O 7. Bd3 a6 8. O-O dxc4 9. Bxc4 b5 10. Bd3 Bb7 11. Bxf6 Nxf6 12. e4 b4 13. e5 bxc3 14. exf6 Bxf6 15. bxc3 c5 16. dxc5 Rc8 17. Rb1 Bxf3 18. Qxf3 Rxc5 19. Qe2 Rxc3 20. Bxa6 Qa5 21. Bc4 Qc7 22. Rfc1 Rxc1+ 23. Rxc1 g6 24. Rc2 Qb7 25. Bb3 Kg7 26. Rc4 Rc8 27. Rxc8 Qxc8 28. Qc4 Qxc4 29. Bxc4 Bc3 30. a4 e5 31. g3 f5 32. f4 exf4 33. gxf4 Bd2 34. a5 Bxf4 35. a6 Be3+ 36. Kg2 Ba7 37. h4 Kf6 38. Kg3 h6 39. Bd3 g5 40. Kh3 g4+ 41. Kg3 Bb8+ 42. Kg2 Ke5 43. Bb5 Kd6 44. Bd3 Ke6 45. Bc4+ Kf6 46. Bb5 Ke7 47. Bd3 Ke6 48. Bc4+ Ke5 49. Bb5 Ke4 50. Bc6+ Ke3 51. Bd7 Kf4 52. Bc6 g3 53. Bd7 Ke4 54. Bxf5+ Kxf5 55. a7 Bxa7 56. Kxg3 h5 57. Kg2 Kg4 58. Kh1 Kxh4 59. Kg2 Kg4 60. Kh1 Kh4 1/2-1/2

[Event "7th Cesme Open-C 2019"]
[Site "Cesme"]
[Date "2019.06.29"]
[Round "8"]
[White "Basdar, Atakan"]
[Black "Eken, Sevki Kivanc"]
[Result "0-1"]
[ECO "B07"]
[WhiteElo "1242"]
[BlackElo "1232"]
[Annotator "NA"]
[PlyCount "102"]
[EventDate "2019.06.24"]
[EventType "swiss"]
[EventCountry "TUR"]
[SourceTitle "playchess.com"]
[Source "ChessBase"]
[SourceQuality "1"]
[TimeControl "5400+30"]

1. d4 Nf6 2. Bf4 d6 3. Nc3 g6 4. e4 Bg7 5. Qd2 O-O 6. Bh6 Nc6 7. Nge2 e5 8. d5 Ne7 9. f3 Ne8 10. h4 f5 11. h5 f4 12. Bxg7 Nxg7 13. hxg6 hxg6 14. O-O-O g5 15. Qe1 Ng6 16. g3 Kf7 17. gxf4 gxf4 18. Rg1 a6 19. Qf2 Rh8 20. Bg2 Qh4 21. Qf1 Bd7 22. Rh1 Qf6 23. Qf2 b6 24. Rdg1 Rxh1 25. Rxh1 Rh8 26. Qf1 Rxh1 27. Qxh1 Qh4 28. Qxh4 Nxh4 29. Bh1 Nh5 30. Nd1 Ng3 31. Nxg3 fxg3 32. Ne3 Bh3 33. Kd2 g2 34. Bxg2 Bxg2 35. Nxg2 Nxg2 36. Ke2 Nf4+ 37. Ke3 Kg6 38. c4 Kh5 39. b4 Kh4 40. a4 a5 41. b5 Kg3 42. Kd2 Kxf3 43. Kc3 Kxe4 44. Kb2 Kd3 45. Kb3 e4 46. Kb2 e3 47. Kb3 e2 48. Ka2 e1=Q 49. Ka3 Kc3 50. Ka2 Qd2+ 51. Kb1 Qb2# 0-1

[Event "7th Cesme Open-C 2019"]
[Site "Cesme"]
[Date "2019.06.30"]
[Round "9"]
[White "Yenen, Utku"]
[Black "Tarim, Metehan"]
[Result "1-0"]
[ECO "C25"]
[WhiteElo "1341"]
[BlackElo "1338"]
[Annotator "NA"]
[PlyCount "63"]
[EventDate "2019.06.24"]
[EventType "swiss"]
[EventCountry "TUR"]
[SourceTitle "playchess.com"]
[Source "ChessBase"]
[SourceQuality "1"]
[TimeControl "5400+30"]

1. e4 e5 2. Nc3 Nc6 3. Bc4 Bc5 4. Qg4 Bf8 5. Qg3 Nf6 6. Nge2 d6 7. a3 Be6 8. Bxe6 fxe6 9. d3 Qd7 10. O-O O-O-O 11. b4 h6 12. b5 Ne7 13. a4 g5 14. a5 g4 15. Qe3 Kb8 16. b6 cxb6 17. axb6 a6 18. Bb2 Nc6 19. d4 h5 20. Na2 Bh6 21. Qd3 exd4 22. Nxd4 Ne5 23. Qe2 Rhf8 24. Nb4 Rc8 25. Nxe6 Rf7 26. Nc7 Rxc7 27. Nxa6+ bxa6 28. Qxa6 Ra7 29. bxa7+ Ka8 30. Bxe5 dxe5 31. Rfb1 Rf8 32. Qb6 1-0

[Event "7th Cesme Open-C 2019"]
[Site "Cesme"]
[Date "2019.06.30"]
[Round "9"]
[White "Yucel, Sevdayil Mert"]
[Black "Kara, Goktan Can"]
[Result "1-0"]
[ECO "D53"]
[WhiteElo "1324"]
[BlackElo "1380"]
[Annotator "NA"]
[PlyCount "135"]
[EventDate "2019.06.24"]
[EventType "swiss"]
[EventCountry "TUR"]
[SourceTitle "playchess.com"]
[Source "ChessBase"]
[SourceQuality "1"]
[TimeControl "5400+30"]

1. d4 Nf6 2. c4 e6 3. Nc3 d5 4. Bg5 Nbd7 5. e3 c6 6. Bd3 Be7 7. Nf3 b6 8. cxd5 cxd5 9. O-O Bb7 10. Rc1 a6 11. a4 O-O 12. Qb3 Ne4 13. Bxe7 Qxe7 14. Bb1 f5 15. Rfd1 Kh8 16. Ne2 Rac8 17. Nf4 Nd6 18. Qb4 a5 19. Qa3 g5 20. Nxg5 Rg8 21. Ngxe6 Nf6 22. f3 Qd7 23. b3 Ba6 24. Qb2 Rge8 25. Qf2 Rxe6 26. Rxc8+ Qxc8 27. Nxe6 Qxe6 28. Rc1 Nde8 29. Qd2 Kg7 30. Kf2 h6 31. Bd3 Bxd3 32. Qxd3 Nh5 33. Qb5 Nd6 34. Rc6 f4 35. e4 dxe4 36. Qxh5 exf3 37. Qe5+ Qxe5 38. dxe5 Nf5 39. gxf3 Ne7 40. Rxb6 h5 41. Ke2 h4 42. Rb7 Kf8 43. Rxe7 Kxe7 44. Kd3 Kd7 45. Ke4 Ke6 46. Kxf4 h3 47. Ke4 Ke7 48. f4 Ke6 49. f5+ Ke7 50. Kd5 Kd7 51. f6 Kd8 52. Kd6 Ke8 53. Kc6 Kf7 54. Kb6 Ke6 55. Kxa5 Kd7 56. Kb6 Kd8 57. a5 Kd7 58. a6 Ke6 59. a7 Kxe5 60. f7 Kf4 61. f8=Q+ Ke3 62. a8=Q Kd4 63. Qf4+ Kd3 64. Qaf3+ Kc2 65. Q4g3 Kb2 66. Qe2+ Ka3 67. b4+ Ka4 68. Qb5# 1-0

[Event "7th Cesme Open-C 2019"]
[Site "Cesme"]
[Date "2019.06.30"]
[Round "9"]
[White "Eken, Sevki Kivanc"]
[Black "Atasoy, Ata"]
[Result "1/2-1/2"]
[ECO "D79"]
[WhiteElo "1232"]
[BlackElo "1459"]
[Annotator "NA"]
[PlyCount "103"]
[EventDate "2019.06.24"]
[EventType "swiss"]
[EventCountry "TUR"]
[SourceTitle "playchess.com"]
[Source "ChessBase"]
[SourceQuality "1"]
[TimeControl "5400+30"]

1. d4 Nf6 2. Nf3 g6 3. c4 Bg7 4. g3 c6 5. Bg2 d5 6. O-O O-O 7. cxd5 cxd5 8. Nc3 Nc6 9. b3 Ne4 10. Bb2 Bf5 11. h3 Nxc3 12. Bxc3 Be4 13. Ne1 Rc8 14. Bxe4 dxe4 15. Nc2 Qd7 16. Kg2 Rfd8 17. e3 e5 18. dxe5 Nxe5 19. Bd4 Qc6 20. Ne1 Nd3 21. Nxd3 exd3+ 22. Kg1 Bxd4 23. exd4 Qe4 24. Rc1 Qxd4 25. Qg4 Rxc1 26. Rxc1 Qb2 27. Rc8 Rxc8 28. Qxc8+ Kg7 29. Qd8 d2 30. Kg2 Qc3 31. Kh2 h6 32. Qd7 Qb2 33. h4 a5 34. Qd6 b5 35. Qd7 a4 36. Qd5 a3 37. Kg2 Qc2 38. Qd4+ Kh7 39. Qd5 Qf5 40. Qxd2 Qe5 41. Kf1 g5 42. hxg5 hxg5 43. Qd3+ Kg7 44. Qd2 Qa1+ 45. Ke2 Qe5+ 46. Qe3 Kf6 47. Qxe5+ Kxe5 48. Kd3 f5 49. f3 f4 50. g4 Kd5 51. b4 Ke5 52. Kc3 1/2-1/2

[Event "7th Cesme Open-C 2019"]
[Site "Cesme"]
[Date "2019.06.30"]
[Round "9"]
[White "Tas, Yasar Asil"]
[Black "Ceylan, Goktug"]
[Result "1/2-1/2"]
[ECO "E91"]
[WhiteElo "1169"]
[BlackElo "1283"]
[Annotator "NA"]
[PlyCount "39"]
[EventDate "2019.06.24"]
[EventType "swiss"]
[EventCountry "TUR"]
[SourceTitle "playchess.com"]
[Source "ChessBase"]
[SourceQuality "1"]
[TimeControl "5400+30"]

1. Nf3 Nf6 2. d4 g6 3. c4 Bg7 4. Nc3 d6 5. e4 O-O 6. Bg5 c5 7. d5 Bg4 8. Be2 Nbd7 9. Bf4 Nh5 10. Bg3 Nxg3 11. hxg3 Bxc3+ 12. bxc3 Qa5 13. Qd2 Bxf3 14. gxf3 e5 15. Rc1 Rfe8 16. Kf1 Qd8 17. Kg2 Qf6 18. Rh4 Qg7 19. Rch1 Nf6 20. Qh6 1/2-1/2